 Dungeon Crawl Stone Soup version 0.30-a0-341-g682706514a (webtiles) character file.

Game seed: 11374915454246244468

107 koil the Sneak (level 4, 0/22 HPs)
             Began as a Spriggan Enchanter on Nov 3, 2022.
             Slain by an orc
             ... wielding a +0 club
              (2 damage)
             ... on level 3 of the Dungeon.
             The game lasted 00:06:33 (1584 turns).

koil the Sneak (Spriggan Enchanter)                 Turns: 1584, Time: 00:06:33

Health: 0/22       AC:  2    Str:  4    XL:     4   Next: 56%
Magic:  3/9        EV: 17    Int: 18    God:
Gold:   95         SH:  0    Dex: 15    Spells: 7/9 levels left

rFire   . . .      SeeInvis +    k - +1 dagger (vamp)
rCold   . . .      Faith    .    (no shield)
rNeg    . . .      Spirit   .    b - +0 robe
rPois   .          Reflect  .    (helmet restricted)
rElec   .          Harm     .    (no cloak)
rCorr   .          Rampage  .    (gloves unavailable)
Will    .....                    (boots unavailable)
Stlth   +++.......               (no amulet)
HPRegen 0.23/turn                (no ring)
MPRegen 0.11/turn                (no ring)

@: very quick
A: very small, no large weapons, unfitting armour, see invisible, speed 3
a: no special abilities


You were on level 3 of the Dungeon.
You visited 1 branch of the dungeon, and saw 3 of its levels.

You collected 105 gold pieces.
You spent 10 gold pieces at shops.

Inventory:

Hand Weapons
 a - a +1 dagger
 h - a +1 short sword of protection
 k - a +1 vampiric dagger (weapon)
Armour
 b - a +0 robe (worn)
Jewellery
 m - a ring of protection from cold
 s - a ring of fire
 u - a ring of flight
Scrolls
 g - a scroll of amnesia {unknown}
 i - a scroll of blinking {unknown}
 j - 3 scrolls of identify {unknown}
 l - a scroll of fear {unknown}
 n - a scroll of enchant armour {unknown}
 o - a scroll of magic mapping {unknown}
 p - a scroll of silence {unknown}
 r - 3 scrolls of teleportation {unknown}
 t - 2 scrolls of enchant weapon {unknown}
Potions
 c - 4 potions of invisibility
 d - 3 potions of heal wounds {unknown}
 e - 3 potions of flight {unknown}
 f - a potion of curing {unknown}
 q - 2 potions of might {unknown}
 v - a potion of degeneration


   Skills:
 + Level 1.0 Fighting
 + Level 2.0 Short Blades
 + Level 3.3 Dodging
 + Level 5.2 Stealth
 + Level 3.3 Spellcasting
 + Level 4.2 Hexes
 + Level 1.2 Poison Magic


You had 7 spell levels left.
You knew the following spells:

 Your Spells              Type           Power      Damage    Failure   Level
a - Ensorcelled Hibernat  Hex/Ice        20%        N/A       10%         2

Your spell library contained the following spells:

 Spells                   Type           Power      Damage    Failure   Level
 Confusing Touch          Hex            18%        N/A       9%          3
 Tukima's Dance           Hex            18%        N/A       9%          3
 Foxfire                  Conj/Fire      8%         2x1d4     16%         1
 Dazzling Flash           Conj/Hex       20%        N/A       21%         3
 Fireball                 Conj/Fire      1%         3d3       99%         5
 Starburst                Conj/Fire      1%         6d3       100%        6


Dungeon Overview and Level Annotations

Branches:
Dungeon (3/15)

Altars:
The Shining One

Shops:
D:3 !

Annotations:
D:3 Pargi


Innate Abilities, Weirdness & Mutations

You are very small and have problems with some larger weapons.
You are too small for most types of armour.
You have supernaturally acute eyesight. (SInv)
You cover ground extremely quickly. (Speed+++)


Message History

You hit the orc wizard but do no damage.
The orc wizard hits you with a +0 dagger.
You hit the orc wizard.
The orc wizard is moderately wounded.
The orc wizard barely misses you.
You hit the orc wizard.
The orc wizard is moderately wounded.
The orc wizard barely misses you.
Your magical contamination has completely faded away.
You closely miss the orc wizard.
The orc wizard is moderately wounded.
The orc wizard points at you and mumbles some strange words.
The puff of flame hits you!
Ouch! That really hurt!
You hit the orc wizard.
You feel better.
The orc wizard is heavily wounded.
The orc wizard gestures at you while chanting.
The magic dart hits you.
You hit the orc wizard.
You feel better.
The orc wizard is severely wounded.
The orc wizard closely misses you.
You hit the orc wizard.
You feel better.
The orc wizard is almost dead.
The orc wizard closely misses you.
You hit the orc wizard.
The orc wizard is almost dead.
You hit the orc wizard.
You feel better.
You kill the orc wizard!
Your Fighting skill increases to level 1!
Your Short Blades skill increases to level 2!
You hit the orc but do no damage. The orc misses you.
You hit the orc but do no damage. The orc hits you with a +0 club.
You hit the orc but do no damage. The orc hits you with a +0 club.
* * * LOW HITPOINT WARNING * * *
You hit the orc but do no damage. The orc hits you with a +0 club.
* * * LOW HITPOINT WARNING * * *
You hit the orc.
The orc is moderately wounded.
The orc hits you with a +0 club.
You die...

..?.... ......
##....#### ........
#.....# #~~~..
#o....# ##~~....
#og..b# ##~~...#
#o##.8# ##~~....#
#@##..###~~.....#
...#....<##~~......#
#.......##~......#
#######∩##~.....#
#.^'.)#####
#8.'.)#####
#..#~))...##
#..#~......###
####~~......##


You could see an orc wizard, 2 orcs and a goblin.

Vanquished Creatures
  2 orc wizards (D:3)
  An adder (D:2)
  A dart slug (D:1)
  6 orcs (D:3)
  3 bats
  2 endoplasms (D:1)
  A hobgoblin (D:1)
  4 jackals (D:2)
  5 kobolds
  2 quokkas
  2 ball pythons (D:1)
  5 frilled lizards
  5 goblins
  3 rats
42 creatures vanquished.

Notes
Turn   | Place    | Note
-------+----------+-------------------------------------------
     0 | D:1      | koil the Spriggan Enchanter began the quest for the Orb.
     0 | D:1      | Reached XP level 1. HP: 9/9 MP: 5/5
   175 | D:1      | Reached XP level 2. HP: 13/13 MP: 6/6
   178 | D:1      | Learned a level 2 spell: Ensorcelled Hibernation
   689 | D:2      | Reached XP level 3. HP: 13/17 MP: 8/8
   868 | D:2      | Found a glowing golden altar of the Shining One.
   950 | D:2      | Found a faded altar of an unknown god.
  1295 | D:3      | Noticed Pargi
  1390 | D:3      | Reached skill level 5 in Stealth
  1470 | D:3      | Reached skill level 1 in Poison Magic
  1470 | D:3      | Reached XP level 4. HP: 21/21 MP: 1/9
  1541 | D:3      | Found Rawnuoc's Distillery.
  1549 | D:3      | Bought a potion of degeneration for 10 gold pieces
  1580 | D:3      | Reached skill level 1 in Fighting
  1583 | D:3      | HP: 1/22 [orc/+0 club (3)]
  1584 | D:3      | Slain by an orc

Illustrated notes

Levels and vault maps discovered:
D:1:      doesnt_arrival_eight_statues, layout_rooms, minmay_misc_feat_columns
D:2:      layout_basic, basic_altar,
          dreamdust_ecumenical_altar_angels_and_demons
D:3:      layout_loops_cross, serial_shops, shop_statue, kennysheep_cross_room,
          uniq_pargi

Skill      XL: |  1  2  3  4 |
---------------+-------------+-----
Dodging        | 3 |  3.3
Spellcasting   | 3 |  3.3
Hexes          | 4 |  4.2
Stealth        | 5 |  5.2
Poison Magic   | 1 |  1.2
Fighting       | 1 |  1.0
Short Blades   | 2 |  2.0

Action                   |  1- 3 |  4- 6 || total
-------------------------+-------+-------++-------
Melee: Dagger            |   130 |    25 ||   155
       Punch             |     1 |       ||     1
 Cast: Ensorcelled Hiber |    10 |     3 ||    13
 Stab: Sleeping          |    15 |       ||    15
       Distracted        |     1 |       ||     1
Armor: Robe              |    12 |     1 ||    13
Dodge: Dodged            |   109 |    13 ||   122

Table legend: (Time is in decaauts)
 A = Elapsed time spent in this place.
 B = Non-inter-level travel time spent in this place.
 C = Inter-level travel time spent in this place.
 D = Time resting spent in this place.
 E = Time spent auto-exploring this place.
 F = Levels seen in this place.
 G = Mean time per level.
                   A        B        C        D        E       F      G
               +--------+--------+--------+--------+--------+-----+--------+
         Total |   1123 |   1110 |     13 |    105 |    648 |   3 |  374.3 |
       Dungeon |   1123 |   1110 |     13 |    105 |    648 |   3 |  374.3 |
               +--------+--------+--------+--------+--------+-----+--------+

Top non-repeatable levels by time:
     D:1: 445 daAuts
     D:2: 431 daAuts
     D:3: 246 daAuts
